 Dungeon Crawl Stone Soup version 0.30-a0-702-gdf48620a09 (webtiles) character file.

Game seed: 3639737780098102441

21 Spectrina the Poker (level 2, -2/22 HPs)
             Began as a Merfolk Reaver on Jan 22, 2023.
             Slain by an iguana (8 damage)
             ... on level 4 of the Dungeon.
             The game lasted 00:04:22 (590 turns).

Spectrina the Poker (Merfolk Reaver)                 Turns: 590, Time: 00:04:23

Health: -2/22      AC:  3    Str: 10 (12) XL:     2   Next: 87%
Magic:  5/5        EV: 11    Int: 11 (12) God:
Gold:   88         SH:  0    Dex:  9 (12) Spells: 2/5 levels left

rFire   . . .      SeeInvis .    a - +0 spear
rCold   . . .      Faith    .    (no shield)
rNeg    . . .      Spirit   .    b - +0 leather armour
rPois   .          Reflect  .    (no helmet)
rElec   .          Harm     .    (no cloak)
rCorr   .          Rampage  .    (no gloves)
Will    .....                    (no boots)
Stlth   +                        (no amulet)
HPRegen 0.23/turn                (no ring)
MPRegen 0.09/turn                (no ring)

@: attractive
A: (nimble swimmer 2), mertail
a: no special abilities


You were on level 4 of the Dungeon.
You visited 1 branch of the dungeon, and saw 5 of its levels.

You collected 88 gold pieces.

Inventory:

Hand Weapons
 a - a +0 spear (weapon)
 i - a +0 sling
Armour
 b - a +0 leather armour (worn)
Magical Staves
 e - a staff of air
Scrolls
 d - a scroll of butterflies {unknown}
 h - 2 scrolls of immolation {unknown}
Potions
 g - a potion of resistance {unknown}


   Skills:
 - Level 2.1 Fighting
 + Level 5.3 Polearms
 - Level 2.6 Dodging
 - Level 2.0 Spellcasting
 - Level 2.4 Conjurations


You had 2 spell levels left.
You knew the following spells:

 Your Spells              Type           Power      Damage    Failure   Level
a - Kiss of Death         Conj/Necr      12%        2d6       24%         1
b - Momentum Strike       Conj/Tloc      6%         3d8       36%         2

Your spell library contained the following spells:

 Spells                   Type           Power      Damage    Failure   Level
 Hailstorm                Conj/Ice       3%         3d3       58%         3


Dungeon Overview and Level Annotations

Branches:
Dungeon (5/15)
 Temple: D:4-7

Altars:

Annotations:
D:5 Menkaure


Innate Abilities, Weirdness & Mutations

((You are very nimble when in or above water. (Stealth+, EV+, Speed+++)))
Your lower body shifts to a powerful aquatic tail in water.


Message History

You see here a +0 leather armour.
A kobold comes into view. It is wielding a +0 short sword.
The kobold shouts!
Reach: a) +0 spear
Press: ? - help, Dir - move target, f - kobold
Aim: a kobold, wielding a +0 short sword (about 44% to evade your +0 spear)
You reach to attack!
You hit the kobold.
You kill the kobold!
Saving game... please wait.
Welcome back, Spectrina the Merfolk Reaver.
Press ? for a list of commands and other information.
Found a stone staircase leading up.
An iguana comes into view.
Reach: a) +0 spear
Press: ? - help, Dir - move target, f - iguana
Aim: an iguana (about 34% to evade your +0 spear)
You reach to attack!
You hit the iguana.
The iguana is moderately wounded.
You hit the iguana but do no damage.
The iguana is lightly wounded.
The iguana bites you!
Ouch! That really hurt!
You hit the iguana.
The iguana is moderately wounded.
The iguana bites you.
You hit the iguana but do no damage.
The iguana is moderately wounded.
The iguana bites you.
* * * LOW HITPOINT WARNING * * *
You hit the iguana but do no damage.
The iguana is lightly wounded.
The iguana closely misses you.
It was a potion of attraction.
You feel attractive to monsters. The iguana barely misses you.
It was a potion of degeneration.
There was something very wrong with that liquid.
You feel weakened.
You feel dopey.
You feel clumsy. The iguana bites you!
You die...

# # # .#. .# #.##.
..<. #.. #l# #@#
#.# #.# #.# ###+##
#.# #.... #.#
#.#.# #.#
######.#.##
#.#####...##....##
#.##.............#


You could see an iguana.

Vanquished Creatures
  A dart slug (D:2)
  A bat (D:2)
  2 endoplasms
  2 hobgoblins (D:2)
  3 jackals (D:4)
  3 ball pythons
  A goblin (D:4)
  3 kobolds
  2 rats
18 creatures vanquished.

Notes
Turn   | Place    | Note
-------+----------+-------------------------------------------
     0 | D:1      | Spectrina the Merfolk Reaver began the quest for the Orb.
     0 | D:1      | Reached XP level 1. HP: 16/16 MP: 3/3
   194 | D:2      | Reached XP level 2. HP: 19/22 MP: 5/5
   209 | D:2      | Reached skill level 5 in Polearms
   448 | D:5      | Entered Level 5 of the Dungeon
   448 | D:5      | Noticed Menkaure
   454 | D:4      | Learned a level 2 spell: Momentum Strike
   524 | D:4      | Noticed a scorpion
   590 | D:4      | Slain by an iguana

Illustrated notes

Levels and vault maps discovered:
D:1:      minmay_arrival_up_and_down, layout_loops_ring,
          minmay_misc_feat_nine_boxes, nicolae_kite_square_tiling_tiny
D:2:      minmay_roachtagon, layout_basic
D:3:      layout_loops_ring, mainiacjoe_overflow_catwalk, amethyst_killhole,
          uniq_ijyb
D:4:      layout_loops_corners, lemuel_zombie_altar_yredelemnul,
          ebering_ghost_sewer_d
D:5:      layout_cave_pools, fedhas_altar_1, gammafunk_temple_overflow_pools,
          uniq_sigmund, uniq_edmund, uniq_menkaure

Skill      XL: |  1  2 |
---------------+-------+-----
Polearms       | 5 |  5.3
Fighting       | |  2.1
Dodging        | |  2.6
Spellcasting   | |  2.0
Conjurations   | |  2.4

Action                   || total
-------------------------++-------
Melee: Spear             ||    65
 Fire: Sling             ||     1
  Use: Potion            ||     2
 Stab: Sleeping          ||     1
Armor: Leather armour    ||    11
Dodge: Dodged            ||    40

Table legend: (Time is in decaauts)
 A = Elapsed time spent in this place.
 B = Non-inter-level travel time spent in this place.
 C = Inter-level travel time spent in this place.
 D = Time resting spent in this place.
 E = Time spent auto-exploring this place.
 F = Levels seen in this place.
 G = Mean time per level.
                   A        B        C        D        E       F      G
               +--------+--------+--------+--------+--------+-----+--------+
         Total |    581 |    566 |     15 |      0 |      0 |   5 |  116.2 |
       Dungeon |    581 |    566 |     15 |      0 |      0 |   5 |  116.2 |
               +--------+--------+--------+--------+--------+-----+--------+

Top non-repeatable levels by time:
     D:2: 233 daAuts
     D:4: 175 daAuts
     D:3: 135 daAuts
     D:1: 35 daAuts
     D:5: 1 daAuts
